 Dungeon Crawl Stone Soup version 0.17-a0-1508-ge7f3dc3 (webtiles) character file.

125 patman the Sneak (level 5, -1/26 HPs)
             Began as a Vine Stalker Assassin on July 10, 2015.
             Slain by a centaur (3 damage)
             ... on level 3 of the Dungeon.
             The game lasted 00:05:04 (2198 turns).

patman the Sneak (Vine Stalker Assassin)            Turns: 2198, Time: 00:05:04

Health: -1/26      AC:  9    Str: 13    XL:     5   Next: 9%
Magic:  0/6        EV: 14    Int: 14    God:
Gold:   136        SH:  0    Dex: 17    Spells: 0 memorised, 4 levels left

rFire  + . .     SeeInvis .     a - +2 dagger
rCold  . . .     Clarity  .     o - +2 robe {rF+}
rNeg   . . .     SustAt   .     (no shield)
rPois  .         Gourm    .     j - +2 helmet {Int+3}
rElec  .         Spirit   +     p - +1 cloak
rCorr  .         Warding  .     (no gloves)
rMut   +         Stasis   .     (no boots)
MR     .....                    w - amulet of resist mutation
Stlth  +++.......               (no ring)
                                x - ring of wizardry

@: not resistant to hostile enchantments, fairly stealthy
A: fangs 2, regeneration 1, magic shield, antimagic bite, no device heal 3, rot
immunity
a: no special abilities


You were on level 3 of the Dungeon.
You were not hungry.

You visited 1 branch of the dungeon, and saw 3 of its levels.

You collected 136 gold pieces.

Inventory:

Hand weapons
 a - a +2 dagger (weapon)
 b - a +0 blowgun
Missiles
 c - 2 throwing nets (quivered)
 e - 13 poisoned needles
 f - 2 curare-tipped needles
Armour
 j - a +2 helmet of intelligence (worn)
 o - a +2 robe of fire resistance (worn)
 p - a +1 cloak (worn)
Jewellery
 w - an amulet of resist mutation (around neck)
 x - a ring of wizardry (left hand)
Scrolls
 i - a scroll of immolation {unknown}
 l - a scroll of teleportation
 n - a scroll of random uselessness {unknown}
 v - a scroll of identify {unknown}
 y - a scroll of remove curse {unknown}
Potions
 d - a potion of cure mutation {unknown}
 h - a potion of degeneration {unknown}
 k - a potion of heal wounds {unknown}
 q - a potion of curing {unknown}
 s - a potion of mutation {unknown}
 t - a potion of poison {unknown}
 u - a potion of brilliance {unknown}
 z - a potion of might {unknown}
Comestibles
 g - 5 bread rations
 m - a meat ration
 r - 3 chunks of flesh


   Skills:
 - Level 1.7 Fighting
 - Level 1.7 Short Blades
 - Level 1.7 Throwing
 + Level 3.9 Dodging
 - Level 4.8 Stealth


You had 4 spell levels left.
You didn't know any spells.

Dungeon Overview and Level Annotations

Branches:
Dungeon (3/15)

Altars:
Ashenzari


Innate Abilities, Weirdness & Mutations

You have extremely sharp teeth.
Your natural rate of healing is unusually fast.
When hurt, damage is shared between your health and your magic reserves.
Your bite disrupts and absorbs the magic of your enemies.
Potions and wands cannot restore your health.
You are immune to rotting.


Message History

* * * LOW HITPOINT WARNING * * *
You hit the centaur. You bite the centaur. You drain its power.
You feel invigorated.
The centaur is severely wounded.
The ooze closely misses you. The centaur hits you.
* * * LOW HITPOINT WARNING * * *
You hit the centaur.
The centaur is severely wounded.
The centaur barely misses you. The ooze closely misses you.
You hit the centaur.
The centaur is severely wounded.
The centaur hits you but does no damage.
The ooze completely misses you. The centaur closely misses you.
You hit the centaur.
The centaur is severely wounded.
The centaur barely misses you. The ooze hits you but does no damage.
You hit the centaur. You bite the centaur, but do no damage.
The centaur is almost dead.
The centaur hits you.
You die...

... .. .# .. ..#
#. #..# #
.#####.##..# .#
...>....#..###.#
......c........#
......J@.......#
.......(.......##
$..............(#
..#####.#(.##...#
. #.#.(##...#
#.#.(##...#
#.#..##...#
#.#).##...#
#.#..##...#


You could see a centaur and an ooze.

Vanquished Creatures
  Natasha (D:3)
  The ghost of Legerdemain the Shooter, a weakling HuHu (D:3)
  2 oozes
  4 worms (D:2)
  3 giant geckos
  3 giant cockroaches
  7 goblins
  7 hobgoblins
  11 jackals (D:1)
  5 kobolds
  2 quokkas (D:2)
  9 bats
  2 giant newts (D:1)
  4 rats
61 creatures vanquished.

Notes
Turn   | Place    | Note
--------------------------------------------------------------
     0 | D:1      | patman the Vine Stalker Assassin began the quest for the Orb.
     0 | D:1      | Reached XP level 1. HP: 11/11 MP: 2/2
     7 | D:1      | Reached skill level 1 in Dodging
    81 | D:1      | Reached XP level 2. HP: 15/15 MP: 3/3
   418 | D:1      | Reached XP level 3. HP: 6/18 MP: 4/4
  1232 | D:2      | Found a shattered altar of Ashenzari.
  1271 | D:2      | Reached XP level 4. HP: 23/23 MP: 5/5
  1946 | D:3      | Noticed Legerdemain's ghost (weakling HuHu)
  1964 | D:3      | Killed Legerdemain's ghost
  2155 | D:3      | Noticed Natasha
  2157 | D:3      | Killed Natasha
  2157 | D:3      | Reached XP level 5. HP: 26/26 MP: 6/6
  2185 | D:3      | Noticed a centaur
  2194 | D:3      | HP: 1/26 [centaur (1)]
  2198 | D:3      | Slain by a centaur

Vault maps used:
D:1:      minmay_arrival_radiant_lines
D:2:      lemuel_doored_altar
D:3:      uniq_natasha

Action                   |  1- 3 |  4- 6 || total
-------------------------+-------+-------++-------
Melee: Dagger            |   131 |    73 ||   204
  Use: Scroll            |     3 |       ||     3
 Stab: Sleeping          |    10 |     5 ||    15
  Eat: Chunk             |     1 |     3 ||     4
